 Dungeon Crawl Stone Soup version 0.25-a0-362-g90ccd6aac3 (console) character file.

Game seed: 16851205189121569742, levelgen mode: deterministic

4865 Kagalorn the Archer (level 10, -1/88 HPs)
             Began as a Naga Arcane Marksman on Jan 4, 2020.
             Was a Believer of Okawaru.
             Slain by an orc warrior
             ... wielding a +0 battleaxe
              (17 damage)
             ... on level 8 of the Dungeon.
             The game lasted 00:37:51 (13202 turns).

Kagalorn the Archer (Naga Arcane Marksman)         Turns: 13202, Time: 00:37:51

Health: -1/88      AC: 10    Str: 15    XL:     10   Next: 50%
Magic:  12/12      EV: 10    Int: 14    God:    Okawaru [**....]
Gold:   331        SH:  0    Dex: 12    Spells: 11/11 levels left

rFire    . . .     SeeInvis +   b - +0 quarterstaff
rCold    + . .     Gourm    .   (shield currently unavailable)
rNeg     . . .     Faith    .   L - +3 robe of Clouds {+Thunder rCloud rElec}
rPois    +         Spirit   .   A - +0 helmet
rElec    +         Reflect  .   h - +0 cloak {+Inv}
rCorr    +         Harm     .   I - +0 pair of gloves
MR       +....                  (no barding)
Stlth    ++++......             (no amulet)
HPRegen  0.24/turn              u - ring of protection from cold
MPRegen  0.13/turn              B - ring of resist corrosion

@: very slow
A: large, see invisible, deformed body, poison resistance, slowness 2, slow
metabolism 1, spit poison 1, AC +3
a: Spit Poison, Heroism, Renounce Religion, Evoke Thunderclouds, Evoke
Invisibility


You were on level 8 of the Dungeon.
You worshipped Okawaru.
Okawaru was pleased with you.
You were not hungry.

You visited 2 branches of the dungeon, and saw 10 of its levels.

You collected 427 gold pieces.
You spent 96 gold pieces at shops.

Inventory:

Hand Weapons
 a - a +0 shortbow
 b - a +0 quarterstaff (weapon)
 w - a +1 dagger of venom
Missiles
 d - 13 arrows
 n - 49 bolts
 x - 4 datura-tipped darts
 z - a throwing net
 C - 42 poisoned darts (quivered)
Armour
 h - a +0 cloak of invisibility (worn)
 j - a +3 scale mail
 A - a +0 helmet (worn)
 H - a +0 plate armour
 I - a +0 pair of gloves (worn)
 L - the +3 robe of Clouds (worn) {+Thunder rCloud rElec}
   (You took it off an orc on level 5 of the Dungeon)

   It insulates you from electricity.
Jewellery
 u - a ring of protection from cold (left hand)
 B - a ring of resist corrosion (right hand)
Wands
 e - a wand of iceblast (8)
 q - a wand of digging (6)
 v - a wand of acid (4)
Scrolls
 c - a scroll of amnesia
 k - 4 scrolls of fear
 m - a scroll of magic mapping {unknown}
 p - 2 scrolls of fog
 r - 3 scrolls of enchant weapon
 s - a scroll of enchant armour
 y - 2 scrolls of blinking
 F - 2 scrolls of remove curse
 P - 2 scrolls of teleportation
Potions
 i - a potion of lignification
 l - a potion of agility
 o - 3 potions of brilliance
 t - 3 potions of ambrosia
 D - a potion of curing
 G - a potion of invisibility
 J - a potion of berserk rage
 M - 2 potions of flight
 N - a potion of cancellation
Comestibles
 f - 9 rations
 g - a chunk of flesh


   Skills:
 - Level 5.0 Fighting
 * Level 7.8 Staves
 * Level 9.4 Bows
 - Level 1.5 Dodging
 - Level 8.0 Stealth
 - Level 1.0 Spellcasting
   Level 3.0 Hexes
 * Level 3.7 Invocations


You had 11 spell levels left.
You didn't know any spells.
Your spell library contained the following spells:

 Spells                   Type           Power        Failure   Level  Hunger
 Corona                   Hex            #......      8%          1    ##.....
 Slow                     Hex            #.......     12%         2    ###....
 Inner Flame              Hex/Fire       #.......     38%         3    ####...
 Portal Projectile        Hex/Tloc       #.....       38%         3    ####...
 Cause Fear               Hex            #.........   58%         4    #####..
 Leda's Liquefaction      Hex/Erth       #.........   80%         4    #####..


Dungeon Overview and Level Annotations

Branches:
Dungeon (9/15)             Temple (1/1) D:6
   Lair: D:8-11         Orc: D:9-12

Altars:
Ashenzari
Cheibriados
Dithmenos
Elyvilon
Fedhas
Gozag
Hepliaklqana
Kikubaaqudgha
Makhleb
Nemelex Xobeh
Okawaru
Qazlal
Ru
Sif Muna
Trog
Uskayaw
Vehumet
Xom
Yredelemnul
Zin
The Shining One

Shops:
D:5 [   D:8 !?   D:9 }

Annotations:
D:8 1 runed translucent door, exclusion: killer bee, Joseph


Innate Abilities, Weirdness & Mutations

You cannot wear boots.
Your serpentine skin is tough. (AC +3)
You have supernaturally acute eyesight. (SInv)
Armour fits poorly on your strangely shaped body.
Your system is resistant to poisons. (rPois)
You cover ground very slowly.
You have a slow metabolism.
You can spit poison.


Message History

You feel invigorated.
The orc warrior hits you but does no damage.
You're too confused to attack without stumbling around!
You're too confused to attack without stumbling around!
You're too confused to attack without stumbling around!
You miss the orc warrior.
The orc warrior is lightly wounded.
You bump into the stone wall.
The orc warrior hits you but does no damage.
You're too confused to move!
The orc warrior closely misses you.
You bump into the stone wall.
You feel like a meek peon again.
You bump into the stone wall.
You feel less invigorated.
You feel less confused.
The orc warrior hits you with a +0 battleaxe!!
* * * LOW HITPOINT WARNING * * *
You barely miss the orc warrior.
The orc warrior is lightly wounded.
The orc warrior hits you with a +0 battleaxe!
You die...

..# ##.## #.# #. # ..# #.# #.#
#..##( ..# #.# ######.## #..#.#
..# ##'## #....[..# #..yy# ..#
##...## #.####..# #..... ..#
##.....## #.####..# #####y
..#####.......###.##....# #.
..#≈≈≈≈........##.#...#.########.
......≈.......Fo@................
..#≈≈≈≈........##.#....#.########
.######.......###......))# # ##
##.....## #######.## # ##...##
#.# # ##+## #.# # #.# #.# ##
##########.# #.# #. .........#.##
#.# ####.


You could see an orc warrior and a bullfrog.

Vanquished Creatures
  Erica (D:8)
  Pikel (D:5)
  A queen bee (D:8)
  A hippogriff (D:6)
  A wyvern (D:6)
  Edmund (D:6)
  A hungry ghost (D:7)
  A black bear (D:7)
  An ice beast (D:5)
  2 orc warriors
  3 phantoms
  3 ogres
  A necrophage (D:6)
  A centaur (D:8)
  5 bullfrogs
  A big kobold (D:7)
  4 scorpions
  8 killer bees (D:8)
  A howler monkey (D:4)
  A crimson imp (D:9)
  A jelly (D:7)
  5 orc wizards
  A gnoll shaman (D:4)
  2 orc priests
  4 hounds
  A bullfrog skeleton (D:5)
  2 iguanas
  3 worker ants
  A killer bee zombie (D:6)
  A hound zombie (D:7)
  16 gnolls
  9 adders
  A shadow imp (D:5)
  An ooze (D:2)
  An adder zombie (D:6)
  4 worms
  2 dart slugs
  30 orcs
  4 ball pythons
  4 giant cockroaches
  5 goblins
  8 hobgoblins
  10 jackals
  11 kobolds
  3 quokkas
  8 bats
  5 frilled lizards
  2 jackal skeletons
  A leopard gecko skeleton (D:8)
  A quokka skeleton (D:7)
  A quokka zombie (D:5)
  3 rats
190 creatures vanquished.

Vanquished Creatures (others)
  An orc wizard (D:4)
1 creature vanquished.

Grand Total: 191 creatures vanquished

Notes
Turn   | Place    | Note
-------+----------+-------------------------------------------
     0 | D:1      | Kagalorn the Naga Arcane Marksman began the quest for the
                  | Orb.
     0 | D:1      | Reached XP level 1. HP: 18/18 MP: 2/2
   144 | D:1      | Reached skill level 1 in Stealth
   165 | D:1      | Reached XP level 2. HP: 19/25 MP: 3/3
  1034 | D:2      | Reached XP level 3. HP: 18/31 MP: 4/4
  1575 | D:2      | Reached skill level 5 in Stealth
  1594 | D:2      | Found a stormy altar of Qazlal.
  1730 | D:2      | Reached XP level 4. HP: 20/38 MP: 5/5
  2539 | D:3      | Found a hazy altar of Hepliaklqana.
  2755 | D:3      | Reached XP level 5. HP: 37/44 MP: 6/6
  3808 | D:4      | Reached skill level 2 in Bows
  3828 | D:4      | Found a shadowy altar of Dithmenos.
  3901 | D:4      | Reached skill level 3 in Bows
  3901 | D:4      | Reached XP level 6. HP: 45/51 MP: 7/7
  4087 | D:4      | Found an opulent altar of Gozag.
  4597 | D:4      | Reached skill level 4 in Bows
  5155 | D:4      | Found a shimmering blue altar of Sif Muna.
  5190 | D:4      | Found a shimmering blue altar of Sif Muna.
  5205 | D:4      | Found a shadowy altar of Dithmenos.
  5435 | D:4      | Reached XP level 7. HP: 28/57 MP: 8/8
  6101 | D:4      | Found an opulent altar of Gozag.
  6264 | D:5      | Entered Level 5 of the Dungeon
  6670 | D:5      | Reached skill level 5 in Bows
  6696 | D:5      | Found a glowing golden altar of the Shining One.
  6701 | D:5      | Found a basalt altar of Yredelemnul.
  6876 | D:5      | Found Hurpha Zamek's Antique Armour Boutique.
  6899 | D:5      | Noticed Pikel
  7203 | D:5      | Reached skill level 1 in Staves
  7425 | D:5      | Reached skill level 6 in Bows
  7899 | D:5      | Killed Pikel
  7899 | D:5      | Reached skill level 7 in Bows
  7899 | D:5      | Reached XP level 8. HP: 28/64 MP: 9/9
  8215 | D:6      | Found a staircase to the Ecumenical Temple.
  8231 | Temple   | Entered the Ecumenical Temple
  8434 | Temple   | Became a worshipper of Warmaster Okawaru
  8494 | D:6      | Noticed Edmund
  8509 | D:6      | Killed Edmund
  8517 | D:6      | HP: 3/64 [poisoned by Edmund]
  8523 | D:6      | HP: 2/64 [poisoned by Edmund]
  8531 | D:6      | HP: 2/64 [poisoned by Edmund]
  9024 | D:6      | Found a glowing silver altar of Zin.
  9235 | D:6      | Noticed a wyvern
  9238 | D:6      | Killed a wyvern
  9238 | D:6      | Reached skill level 1 in Invocations
  9238 | D:6      | Reached XP level 9. HP: 14/70 MP: 10/10
  9243 | D:6      | Reached * piety under Okawaru
  9243 | D:6      | Reached skill level 5 in Staves
  9763 | D:6      | Reached skill level 8 in Bows
 10496 | D:7      | Found an iron altar of Okawaru.
 10527 | D:7      | Found a bloodstained altar of Trog.
 10670 | D:7      | Reached ** piety under Okawaru
 11258 | D:7      | Found a sacrificial altar of Ru.
 11665 | D:7      | Found an ancient bone altar of Kikubaaqudgha.
 11827 | D:8      | Noticed Erica
 11834 | D:8      | Killed Erica
 11834 | D:8      | Reached skill level 9 in Bows
 11834 | D:8      | Reached XP level 10. HP: 59/87 MP: 12/12
 12210 | D:8      | Found Fussan's Magic Scroll Shop.
 12246 | D:8      | Bought a scroll of teleportation for 36 gold pieces
 12246 | D:8      | Bought a scroll of teleportation for 36 gold pieces
 12246 | D:8      | Bought a scroll of fog for 24 gold pieces
 12344 | D:8      | Found Ijeu's Distillery.
 12437 | D:8      | Found a runed translucent door.
 12788 | D:8      | Reached skill level 5 in Fighting
 12788 | D:8      | Noticed Joseph
 13167 | D:9      | Found Ofoev Ydghe's Gadget Emporium.
 13202 | D:8      | Slain by an orc warrior

Levels and vault maps discovered:
D:1:      psy_arrival_radial01, layout_basic, hex_tiny, minmay_heptomino_l4
D:2:      layout_basic, old_standard_altar, cheibrodos_gnoll_hut
D:3:      lemuel_upstairs_altar, layout_basic, overflow_temple_1_default,
          first_ration
D:4:      layout_basic, marbit_many_paths, kennysheep_mini_moat,
          old_standard_altar
D:5:      layout_loops_ring, grunt_temple_overflow_holy_war, serial_shops, shop,
          uniq_pikel
D:6:      layout_cave_pods, overflow_temple_1_default,
          minmay_temple_entry_drinking_statues,
          hangedman_abyss_or_decor_lesser_grid, uniq_edmund
D:7:      layout_rooms, old_standard_altar, bloody_trog,
          nicolae_ru_great_annihilating_truth, okawaru_trees_1
D:8:      layout_loops_corners, serial_rivers, chequers_serial_rivers_micro_d,
          chequers_serial_rivers_room_a, chequers_serial_rivers_marsh,
          chequers_serial_rivers_small_3, serial_shops, shop,
          nicolae_shop_crystal, david_nohive_1, lightli_church_of_beogh,
          uniq_joseph, uniq_erica
D:9:      layout_basic, lemuel_crystal_altar, serial_shops, shop_fountains,
          grunt_ministairs_9, guppyfry_early_elven_hall
Temple:   jpeg_temple_alley_garden

Skill      XL: |  1  2  3  4  5  6  7  8  9 10 |
---------------+-------------------------------+-----
Stealth        | 2 4 5 7 8 |  8.0
Bows           | 3 4 7 9 |  9.4
Staves         | 3 4 7 |  7.8
Invocations    | 1 3 |  3.7
Fighting       | 4 5 |  5.0
Dodging        | |  1.5
Spellcasting   | |  1.0
Hexes          | |  3.0

Action                   |  1- 3 |  4- 6 |  7- 9 | 10-12 || total
-------------------------+-------+-------+-------+-------++-------
Melee: Hand axe          |    68 |    84 |    40 |       ||   192
       Shortbow          |       |     2 |       |       ||     2
       Quarterstaff      |       |       |   218 |    78 ||   296
 Fire: Shortbow          |    15 |    55 |   157 |    49 ||   276
Throw: Dart              |       |    15 |    10 |       ||    25
Invok: Heroism           |       |       |     1 |     4 ||     5
 Abil: Spit Poison       |    20 |    48 |    37 |     9 ||   114
Evoke: Wand              |       |       |    11 |     2 ||    13
  Use: Scroll            |       |    11 |     6 |     4 ||    21
       Potion            |       |     3 |     2 |     4 ||     9
 Stab: Sleeping          |       |     6 |     6 |     1 ||    13
       Invisible         |       |       |     1 |       ||     1
  Eat: Chunk             |     3 |    11 |    12 |     4 ||    30
       Ration            |       |       |     4 |       ||     4
Armor: Ring mail         |    46 |    63 |    15 |       ||   124
       Skin              |       |    12 |       |    90 ||   102
       Robe              |       |       |   163 |    32 ||   195
Dodge: Dodged            |    31 |    61 |   220 |    75 ||   387

Table legend:
 A = Non-vault XP
 B = Vault XP
 C = Vault XP percentage of total XP
 D = Non-vault monster count
 E = Vault monster count
 F = Vault count percentage of total count
                 A         B        C        D         E       F
            +---------+---------+-------+---------+---------+-------
      Total |    4346 |    2604 |  37.5 |     167 |      24 |  12.6
            +---------+---------+-------+---------+---------+-------
        D:1 |      22 |       7 |  24.1 |      12 |       4 |  25.0
        D:2 |      69 |      14 |  16.9 |      16 |       1 |   5.9
        D:3 |     126 |       4 |   3.1 |      31 |       2 |   6.1
        D:4 |     401 |       3 |   0.7 |      17 |       1 |   5.6
        D:5 |     555 |     641 |  53.6 |      19 |       1 |   5.0
        D:6 |    1164 |     173 |  12.9 |      21 |       1 |   4.5
        D:7 |    1189 |      51 |   4.1 |      27 |       4 |  12.9
        D:8 |     564 |    1711 |  75.2 |      19 |      10 |  34.5
        D:9 |     256 |       0 |   0.0 |       5 |       0 |   0.0
            +---------+---------+-------+---------+---------+-------
